 Dungeon Crawl Stone Soup version 0.32-a0-886-g41c5271027 (webtiles) character file.

Game seed: 128481992120435194

6 Alarak the Poker (level 1, 0/16 HPs)
             Began as a Demonspawn Gladiator on Apr 2, 2024.
             Slain by a goblin
             ... wielding a +0 dagger
              (3 damage)
             ... on level 1 of the Dungeon.
             The game lasted 00:00:13 (84 turns).

Alarak the Poker (Demonspawn Gladiator)               Turns: 84, Time: 00:00:13

Health: 0/16       AC:  4    Str: 14    XL:     1   Next: 75%
Magic:  1/1        EV:  1    Int:  8    God:
Gold:   32         SH:  0    Dex: 14    Spells: 0/0 levels left

rFire   . . .        a - +0 trident
rCold   . . .        (no shield)
rNeg    . . .        b - +0 leather armour
rPois   .            c - +0 helmet
rElec   .            (no cloak)
rCorr   .            (no gloves)
SInv    .            (no boots)
Will    .....        (no amulet)
Stlth   +            (no ring)
HPRegen 0.22/turn    (no ring)
MPRegen 0.07/turn

%: no passive effects
@: constricted
A: no striking features
a: no special abilities


You were on level 1 of the Dungeon.
You visited 1 branch of the dungeon, and saw 1 of its levels.

You collected 32 gold pieces.

Inventory:

Hand Weapons
 a - a +0 trident (weapon)
Missiles
 d - 3 throwing nets (quivered)
 e - a javelin
Armour
 b - a +0 leather armour (worn)
 c - a +0 helmet (worn)
Scrolls
 f - a scroll of enchant armour {unknown}


   Skills:
 - Level 2.0 Fighting
 + Level 3.1 Polearms
 - Level 1.7 Throwing
 - Level 2.6 Dodging


You couldn't memorise any spells.
You didn't know any spells.
Your spell library was empty.

Dungeon Overview and Level Annotations

Branches:
Dungeon (1/15)

Altars:


Message History

The bat moves out of view.
You hear a loud squeak.
There are monsters nearby!
There are monsters nearby!
There are monsters nearby!
A ball python comes into view.
Found a scroll labelled OKLECO FEOTOSSUU.
The ball python hisses angrily.
The hobgoblin shouts!
You reach to attack!
You completely miss the hobgoblin.
A frilled lizard comes into view.
The hobgoblin hits you.
A rat comes into view.
The frilled lizard hisses angrily.
You puncture the hobgoblin!
You kill the hobgoblin!
The bat closely misses you. The bat hits you.
The goblin hits you but does no damage.
You barely miss the ball python. The bat closely misses you.
The giant cockroach bites you but does no damage.
The ball python closely misses you. The ball python grabs you.
The ball python constricts you. The goblin hits you with a +0 dagger.
The giant cockroach bites you.
The ball python bites you but does no damage.
The ball python constricts you.
You hit the hobgoblin.
The hobgoblin is heavily wounded.
The bat hits you but does no damage. The goblin hits you but does no damage.
The hobgoblin hits you.
The giant cockroach bites you but does no damage.
The ball python bites you. The ball python constricts you.
You hit the hobgoblin but do no damage.
The hobgoblin is heavily wounded.
The bat hits you but does no damage.
A giant cockroach comes into view.
The giant cockroach bites you but does no damage.
The ball python bites you but does no damage.
The ball python constricts you. The hobgoblin hits you.
* * * LOW HITPOINT WARNING * * *
The goblin hits you with a +0 dagger.
You die... #......#######..♣PP #...............♣PP #.............. ♣.. #######........ ♣.. . #)....... ♣PP

... #........ ♣P.
...B##+#####........ ♣..
......Sb............ ♣..
.....rg@....#######...♣♣
#.....Bg....# #...
#.......!#### #..
#..>l..#.. ##
#......#... #......##?..
#...... .... ......#
#...#


You could see 2 giant cockroaches, a hobgoblin, a goblin, a bat, a ball python,
a frilled lizard and a rat.

Vanquished Creatures
  A giant cockroach (D:1)
  A goblin (D:1)
  A hobgoblin (D:1)
  A kobold (D:1)
  A ball python (D:1)
5 creatures vanquished.

Notes
Turn   | Place    | Note
-------+----------+-------------------------------------------
     0 | D:1      | Alarak the Demonspawn Gladiator began the quest for the
                  | Orb.
     0 | D:1      | Reached XP level 1. HP: 16/16 MP: 1/1
    68 | D:1      | Reached skill level 3 in Polearms
    84 | D:1      | Slain by a goblin

Illustrated notes

Levels and vault maps discovered:
D:1:      scummos_arrival_checkerplants, layout_basic, hangedman_feature_mirror

Skill      XL: |  1 |
---------------+----+-----
Polearms       | 3 |  3.1
Fighting       | |  2.0
Throwing       | |  1.7
Dodging        | |  2.6

Action                     || total
---------------------------++-------
  Melee: Trident           ||    17
 Armour: Leather armour    ||    24
  Dodge: Dodged            ||    10

Table legend: (Time is in decaauts)
 A = Elapsed time spent in this place.
 B = Non-inter-level travel time spent in this place.
 C = Inter-level travel time spent in this place.
 D = Time resting spent in this place.
 E = Time spent auto-exploring this place.
 F = Levels seen in this place.
 G = Mean time per level.
                   A        B        C        D        E       F      G
               +--------+--------+--------+--------+--------+-----+--------+
         Total |     86 |     86 |      0 |      0 |     52 |   1 |   86.0 |
       Dungeon |     86 |     86 |      0 |      0 |     52 |   1 |   86.0 |
               +--------+--------+--------+--------+--------+-----+--------+

Top non-repeatable levels by time:
     D:1: 86 daAuts
